Map: Oxide LE

Players

Massa - Winner!

  • Race: Terran Terran
  • League: Platinum
  • Spawn Location: 7:00

VOD

Have the link to the VOD?

Description

Time

  • Played on: Jan. 16, 2021, 4:37 a.m.
  • Length: 15:12
Show
View Real Time Build Order
Export as new Build Order

Massa Terran - Winner!

Build Orders:  

Get SALT Encoding   

  12  0:00  SCV  
  13  0:17  SCV  
  14  0:28  Supply Depot  
  14  0:34  SCV  
  15  0:58  SCV  
  16  1:00  Barracks  
  16  1:04  Refinery  
  16  1:15  SCV  
  17  1:32  SCV  
  18  1:49  SCV  
  19  2:06  Orbital Command  
  19  2:14  Barracks Reactor  
  19  2:22  Command Center  
  19  2:43  Supply Depot  
  19  2:44  SCV  
  20  3:01  SCV  
  20  3:05  Marine x2  
  23  3:16  Factory  
  23  3:18  SCV  
  24  3:30  Marine x2  
  24  3:35  SCV  
  24  3:36  Supply Depot  
  27  3:52  SCV  
  27  3:55  Marine x2  
  30  4:02  Orbital Command  
  30  4:29  Hellion  
  32  4:30  Hellion  
  32  4:34  Starport  
  34  4:40  SCV x2  
  34  4:46  Supply Depot  
  36  4:52  Barracks Tech Lab  
  36  4:57  SCV x2  
  36  4:59  Hellion  
  40  5:00  Hellion  
  42  5:14  SCV x2  
  34  6:50  Factory Tech Lab  
  30  7:11  Marine x2  
  30  7:12  Banshee  
  30  7:14  Cloaking Field  
  30  7:15  SCV x2  
  37  7:20  Siege Tank  
  40  7:30  Command Center  
  40  7:32  Refinery, SCV x2  
  40  7:37  Refinery  
  40  7:39  Refinery  
  42  7:42  Marine x2  
  42  7:49  SCV  
  45  8:02  Engineering Bay  
  45  8:05  Engineering Bay  
  45  8:06  Marine  
  45  8:07  Marine  
  45  8:09  Barracks  
  47  8:11  Barracks  
  47  8:12  Banshee  
  50  8:20  Barracks  
  50  8:31  Marine  
  50  8:32  Marine  
  50  8:36  Siege Tank  
  55  8:55  Terran Infantry Weapons Level 1  
  55  8:56  Marine  
  55  8:57  Marine  
  57  9:09  Supply Depot  
  57  9:11  Supply Depot x2  
  57  9:13  Terran Infantry Armor Level 1  
  57  9:14  Supply Depot  
  57  9:20  SCV x3  
  60  9:31  Siege Tank  
  60  9:32  Barracks Tech Lab  
  60  9:37  SCV x3  
  66  9:44  Medivac  
  68  10:30  Stimpack  
  68  10:50  Marine  
  68  10:51  Marine x3  
  68  10:52  Medivac  
  68  10:54  Siege Tank  
  68  10:57  Marauder  
  79  11:10  SCV x2  
  79  11:15  Marine x2  
  83  11:27  SCV x2, Marauder  
  87  11:44  SCV x2  
  86  12:01  SCV  
  86  12:09  Planetary Fortress  
  87  12:11  SCV  
  87  12:17  SCV  
  87  12:18  Siege Tank  
  87  12:19  Medivac  
  91  12:22  Marine x2  
  91  12:24  Marauder  
  91  12:28  Barracks Tech Lab, SCV  
  96  12:30  Barracks Reactor  
  96  12:34  SCV  
  96  12:35  Armory  
  97  12:40  Armory  
  97  12:47  Marine x2  
  99  12:54  Marauder  
  101  13:08  Siege Tank  
  104  13:11  Unknown  
  104  13:14  Marauder  
  104  13:15  Marine  
  104  13:16  Marine  
  108  13:20  Concussive Shells  
  108  13:26  Siege Tank x2  
  108  13:28  Refinery  
  108  13:30  Refinery  
  108  13:32  Command Center  
  108  13:39  Siege Tank  
  108  13:40  Marine  
  108  13:45  Supply Depot  
  108  13:46  Supply Depot  
  108  13:48  Supply Depot x2  
  109  14:00  Marine  
  109  14:03  Marauder x2  
  109  14:05  Marine  
  104  14:10  Siege Tank x2  
  104  14:17  Supply Depot  
  104  14:19  Supply Depot  
  104  14:24  Supply Depot  
  104  14:27  Supply Depot  
  104  14:33  Marauder x2  
  108  14:51  Supply Depot  
  108  14:52  Supply Depot  
  108  15:00  Supply Depot  
  108  15:02  Supply Depot  
Tags
 
League
Platinum
Matchup
Co-op
Replay Pack
Multiplayer
Add a new tag
Caveats
  • Supply blocks, unpowered buildings, or Contaminate may cause inaccurate times.
  • Supply counts are checked every 10 seconds.